 Dungeon Crawl Stone Soup version 0.24-a0-475-g5b41c6f198 (webtiles) character file.

Game seed: 15585086268277660991

39 pk666 the Magician (level 3, -2/19 HPs)
             Began as a Deep Elf Wizard on July 5, 2019.
             Slain by a worm (11 damage)
             ... on level 3 of the Dungeon.
             The game lasted 00:02:30 (1932 turns).

pk666 the Magician (Deep Elf Wizard)                Turns: 1932, Time: 00:02:31

Health: -2/19      AC:  2    Str:  4    XL:     3   Next: 26%
Magic:  0/11       EV: 12    Int: 23    God:
Gold:   38         SH:  0    Dex: 13    Spells: 3/12 levels left

rFire    . . .     SeeInvis .   k - +0 dagger
rCold    + . .     Gourm    .   (no shield)
rNeg     . . .     Faith    .   a - +0 robe
rPois    .         Spirit   .   b - +0 hat
rElec    .         Reflect  .   (no cloak)
rCorr    .         Harm     .   (no gloves)
MR       .....                  (no boots)
Stlth    ++........             (no amulet)
HPRegen  0.06/turn              m - ring of protection from cold
MPRegen  0.12/turn              (no ring)

@: very slightly contaminated, heavily drained
A: no striking features
a: no special abilities


You were on level 3 of the Dungeon.
You were not hungry.

You visited 1 branch of the dungeon, and saw 3 of its levels.

You collected 38 gold pieces.

Inventory:

Hand Weapons
 k - a +0 dagger (weapon)
Armour
 a - a +0 robe (worn)
 b - a +0 hat (worn)
Jewellery
 m - a ring of protection from cold (left hand)
Scrolls
 e - 2 scrolls of remove curse {unknown}
 f - 2 scrolls of teleportation {unknown}
 g - a scroll of fear {unknown}
 j - a scroll of magic mapping {unknown}
 l - a scroll of fog {unknown}
Potions
 c - a potion of lignification {unknown}
 h - a potion of mutation {unknown}
 i - a potion of magic {unknown}
Comestibles
 d - 4 rations
 n - 2 chunks of flesh


   Skills:
 - Level 3.1(1.9) Dodging
 - Level 2.4(1.1) Stealth
 + Level 5.0(3.6) Spellcasting
 + Level 2.1(0.9) Conjurations
   Level 1.1(0.0) Summonings
 + Level 1.1(0.0) Translocations
 + Level 0.1(0.0) Fire Magic
 + Level 0.1(0.0) Air Magic
 + Level 0.2(0.0) Poison Magic


You had 3 spell levels left.
You knew the following spells:

 Your Spells              Type           Power        Failure   Level  Hunger
a - Magic Dart            Conj           #...         8%          1    None
b - Blink                 Tloc           N/A          17%         2    #......
c - Conjure Flame         Conj/Fire      #.......     26%         3    ###....
d - Mephitic Cloud        Conj/Pois/Air  #.......     28%         3    ###....

Your spell library contained the following spells:

 Spells                   Type           Power        Failure   Level  Hunger
 Call Imp                 Summ           #.......     17%         2    #......
 Slow                     Hex            #.......     17%         2    #......


Dungeon Overview and Level Annotations

Branches:
Dungeon (3/15)

Altars:


Message History

You hit the worm but do no damage.
The worm is heavily wounded.
You hit the worm.
The worm is heavily wounded.
The worm misses you.
You hit the worm.
The worm is heavily wounded.
You hit the worm.
The worm is severely wounded.
The worm closely misses you.
Casting: Magic Dart (safe; 8% risk of failure)
Confirm with . or Enter, or press ? or * to list all spells.
Aiming: Magic Dart (safe; 8% risk of failure)
Press: ? - help, Shift-Dir - straight line, f/p - worm
Aim: a worm (severely wounded)
The magic dart hits the worm.
The worm is severely wounded.
The worm bites you!
Ouch! That really hurt!
You die...

.# .# .#
.# .# .#
####.#.#
#<.@w..#
####...#
.......
....#.#
....# #
....#
....#
....#


You could see a worm.

Vanquished Creatures
  2 dart slugs (D:1)
  A leopard gecko (D:1)
  4 bats (D:1)
  A giant cockroach (D:1)
  7 goblins
  2 hobgoblins
  6 jackals
  A quokka (D:2)
  4 rats
28 creatures vanquished.

Notes
Turn   | Place    | Note
-------+----------+-------------------------------------------
     0 | D:1      | pk666 the Deep Elf Wizard began the quest for the Orb.
     0 | D:1      | Reached XP level 1. HP: 10/10 MP: 7/7
   101 | D:1      | Reached XP level 2. HP: 13/15 MP: 4/9
  1214 | D:2      | Reached XP level 3. HP: 19/19 MP: 8/11
  1218 | D:2      | Learned a level 2 spell: Blink
  1222 | D:2      | Learned a level 3 spell: Conjure Flame
  1226 | D:2      | Learned a level 3 spell: Mephitic Cloud
  1708 | D:2      | Reached skill level 5 in Spellcasting
  1932 | D:3      | Slain by a worm

Levels and vault maps discovered:
D:1:      minmay_arrival_solitary_statue, layout_basic
D:2:      layout_basic
D:3:      layout_basic, cheibrodos_sewer_entry_drain, uniq_grinder, uniq_robin

Skill      XL: |  1  2  3 |
---------------+----------+-----
Dodging        | 3 |  3.1
Conjurations   | 2 |  2.1
Spellcasting   | 5 |  5.0
Stealth        | |  2.4
Summonings     | |  1.1
Translocations | |  1.1
Fire Magic     | |  0.1
Air Magic      | |  0.1
Poison Magic   | |  0.2

Action                   || total
-------------------------++-------
Melee: Dagger            ||    17
 Cast: Magic Dart        ||    90
  Eat: Chunk             ||     3
Armor: Robe              ||     9
Dodge: Dodged            ||    48

Table legend:
 A = Non-vault XP
 B = Vault XP
 C = Vault XP percentage of total XP
 D = Non-vault monster count
 E = Vault monster count
 F = Vault count percentage of total count
                 A         B        C        D         E       F
            +---------+---------+-------+---------+---------+-------
      Total |      56 |       0 |   0.0 |      28 |       0 |   0.0
            +---------+---------+-------+---------+---------+-------
        D:1 |      34 |       0 |   0.0 |      16 |       0 |   0.0
        D:2 |      22 |       0 |   0.0 |      12 |       0 |   0.0
            +---------+---------+-------+---------+---------+-------
